 Dungeon Crawl Stone Soup version 0.18.1-47-g9310371 (webtiles) character file.

1508 rftp080 the Grappler (level 8, -4/70 HPs)
             Began as a Ghoul Wizard on June 20, 2016.
             Was a Follower of Makhleb.
             Killed from afar by an electric eel (12 damage)
             ... with a bolt of electricity
             ... on level 6 of the Dungeon.
             The game lasted 00:20:59 (7734 turns).

rftp080 the Grappler (Ghoul Wizard)                 Turns: 7734, Time: 00:21:00

Health: -4/70      AC: 10    Str: 11    XL:     8   Next: 82%
Magic:  11/11      EV: 10    Int: 15    God:    Makhleb [*.....]
Gold:   290        SH:  0    Dex:  7    Spells: 3 memorised, 7 levels left

rFire  . . .     SeeInvis .       - Unarmed
rCold  + . .     Gourm    .     x - +0 ring mail
rNeg   + + +     Faith    .     (no shield)
rPois  ∞         Spirit   .     n - +1 helmet
rElec  .         Dismiss  .     r - +0 cloak
rCorr  .         Reflect  .     w - +0 pair of gloves
SustAt .         Harm     .     (no boots)
MR     .....                    (no amulet)
Stlth  +.........               (no ring)
                                (no ring)

@: rotting, not resistant to hostile enchantments, very unstealthy
A: rotting body, claws 1, carnivore 3, cold resistance 1, negative energy
resistance 3, slow regeneration 1, torment resistance, unbreathing
a: Renounce Religion


You were on level 6 of the Dungeon.
You worshipped Makhleb.
Makhleb was aware of your devotion.
You were not hungry.

You visited 2 branches of the dungeon, and saw 7 of its levels.
You also visited: Ossuary.

You collected 521 gold pieces.
You spent 231 gold pieces at shops.

Inventory:

Hand Weapons
 f - a +0 hunting sling (quivered)
 C - a +0 halberd
Missiles
 g - 118 stones
 l - 24 poisoned needles
 u - 32 sling bullets
 y - 13 tomahawks
Armour
 a - a +0 robe
 b - a +0 hat
 i - a +0 ring mail
 n - a +1 helmet (worn)
 q - a +0 pair of gloves
 r - a +0 cloak (worn)
 w - a +0 pair of gloves (worn)
 x - a +0 ring mail (worn)
 E - a +0 scale mail
Jewellery
 h - a cursed ring of teleportation {unknown}
 j - an uncursed amulet of rage {unknown}
 L - an uncursed ring of poison resistance {unknown}
Wands
 o - a wand of acid (0/15)
Scrolls
 e - 3 scrolls of remove curse
 m - 2 scrolls of recharging {unknown}
 p - a scroll of fog {unknown}
 s - a scroll of immolation {unknown}
 t - a scroll of teleportation
 A - 2 scrolls of enchant weapon {unknown}
 J - a scroll of enchant armour {unknown}
 K - a scroll of amnesia {unknown}
 M - 2 scrolls of identify
 N - a scroll of vulnerability {unknown}
 Q - a scroll of random uselessness {unknown}
 R - a scroll of blinking {unknown}
Potions
 z - 4 potions of curing
 B - 2 potions of heal wounds
 D - a potion of cure mutation
 F - a potion of invisibility
 G - a potion of resistance
 I - a potion of lignification {unknown}
 O - a potion of haste
 P - a potion of degeneration {unknown}
 S - a potion of magic
Books
 c - a book of Minor Magic

   Spells                             Type                      Level
   a - Magic Dart                     Conjuration                  1
   b - Blink                          Translocation                2
   c - Call Imp                       Summoning                    2
   d - Repel Missiles                 Charms/Air                   2
   e - Slow                           Hexes                        2
   f - Conjure Flame                  Conjuration/Fire             3
   g - Mephitic Cloud                 Conjuration/Poison/Air       3
Comestibles
 d - 6 meat rations
 k - 6 beef jerkies
 v - a royal jelly


   Skills:
 + Level 5.7 Fighting
 + Level 4.2 Armour
 - Level 1.7 Dodging
 - Level 2.1 Stealth
 * Level 8.2 Unarmed Combat
 - Level 2.9 Spellcasting
 - Level 0.7 Conjurations
   Level 0.8 Summonings
 - Level 0.8 Translocations


You had 7 spell levels left.
You knew the following spells:

 Your Spells              Type           Power        Failure   Level  Hunger
a - Magic Dart            Conj           #...         38%         1    #......
b - Blink                 Tloc           N/A          50%         2    ##.....
c - Repel Missiles        Chrm/Air       #.....       75%         2    ##.....


Dungeon Overview and Level Annotations

Branches:
Dungeon (6/15)             Temple (1/1) D:5

Altars:
Ashenzari
Elyvilon
Fedhas
Gozag
Makhleb
Okawaru
Pakellas
Qazlal
Sif Muna
The Shining One

Shops:
D:4 }   D:5 !


Innate Abilities, Weirdness & Mutations

Your body is rotting away.
You thrive on raw meat.
You are immune to poison.
You have sharp fingernails.
You are carnivorous and can eat meat at any time.
Your flesh is cold resistant.
You are immune to negative energy.
You regenerate slowly when monsters are visible.
You are immune to unholy pain and torment.
You can survive without breathing.


Message History

You start resting.
A centaur comes into view.
The centaur shouts!
The centaur wields a runed shortbow.
It bursts into flame!
The centaur shoots an arrow.
The arrow closely misses you.
The centaur shoots an arrow.
The arrow hits you! The arrow burns you.
* * * LOW HITPOINT WARNING * * *
The centaur shoots an arrow.
The arrow hits you.
* * * LOW HITPOINT WARNING * * *
The arrow burns you.
* * * LOW HITPOINT WARNING * * *
You see here an arrow.
The centaur unwields an uncursed shortbow of flaming.
It stops flaming.
The centaur hits you.
* * * LOW HITPOINT WARNING * * *
Unknown command.
The centaur hits you but does no damage.
The electric eel shoots out a bolt of lightning at you!
The bolt of electricity hits you!
You die...

######### #........
#.####### #.#######
#.......#
#########.###....
#####....>.......<...
###...@................
#...(.c....####..##....
### #......#####
#####.... .##≈≈.
#(.....# #.....
#..≈≈.###....## ####..
##.≈≈≈≈#......# #.....
...≈≈≈≈........≈≈≈
####.#
...≈≈≈;#......#≈≈≈
#.....
#..≈≈.###...)###.≈≈
######


You could see a centaur and an electric eel.

Vanquished Creatures
  Grinder (D:6)
  An orc warrior (D:5)
  3 phantoms
  A centaur (D:5)
  A giant frog (D:6)
  A scorpion (D:5)
  A crimson imp (D:5)
  A centaur zombie (Ossuary)
  A hound (D:6)
  2 orc priests
  An iguana (D:5)
  3 worker ants
  3 orc wizards
  3 big kobold zombies (Ossuary)
  A hound skeleton (D:4)
  2 mummies (Ossuary)
  7 adders
  10 gnolls
  A howler monkey skeleton (D:4)
  4 oozes
  3 worms
  3 dart slugs
  3 giant geckos
  10 orcs
  4 giant cockroaches
  3 gnoll zombies (Ossuary)
  9 goblins
  8 hobgoblins
  8 jackals
  12 kobolds
  5 quokkas
  4 ball pythons
  6 bats
  A giant gecko zombie (D:5)
  7 giant newts
  2 goblin zombies (Ossuary)
  3 hobgoblin zombies (Ossuary)
  2 orc zombies (Ossuary)
  A quokka skeleton (D:5)
  8 rats
150 creatures vanquished.

Notes
Turn   | Place    | Note
--------------------------------------------------------------
     0 | D:1      | rftp080 the Ghoul Wizard began the quest for the Orb.
     0 | D:1      | Reached XP level 1. HP: 14/14 MP: 3/3
   110 | D:1      | Reached XP level 2. HP: 22/22 MP: 1/4
   119 | D:1      | HP: 1/22 [kobold/whip (3)]
   378 | D:1      | Reached skill level 1 in Unarmed Combat
   639 | D:1      | Reached skill level 1 in Fighting
   782 | D:1      | Reached XP level 3. HP: 28/28 MP: 6/6
   796 | D:1      | Learned a level 2 spell: Blink
   799 | D:1      | Learned a level 2 spell: Repel Missiles
  1138 | D:1      | Reached skill level 2 in Unarmed Combat
  1608 | D:2      | Reached XP level 4. HP: 15/36 MP: 3/7
  1888 | D:2      | Reached skill level 3 in Unarmed Combat
  1987 | D:2      | Noticed an earth elemental
  1989 | D:2      | Found a stormy altar of Qazlal.
  2023 | D:2      | Noticed an air elemental
  2023 | D:2      | Noticed a water elemental
  2023 | D:2      | Noticed a fire elemental
  2361 | D:3      | Reached skill level 1 in Armour
  2361 | D:3      | Reached XP level 5. HP: 16/42 MP: 8/8
  3144 | D:3      | Reached skill level 4 in Unarmed Combat
  3311 | D:4      | Noticed a phantom
  3338 | D:4      | Reached XP level 6. HP: 39/51 MP: 9/9
  3416 | D:4      | Killed a phantom
  3635 | D:4      | Found Haonea's Gadget Boutique.
  3721 | D:4      | Noticed a phantom
  4136 | D:4      | Killed a phantom
  4136 | D:4      | Reached skill level 5 in Unarmed Combat
  4136 | D:4      | Reached XP level 7. HP: 13/56 MP: 3/10
  5152 | D:5      | Entered Level 5 of the Dungeon
  5162 | D:5      | Found a staircase to the Ecumenical Temple.
  5219 | Temple   | Entered the Ecumenical Temple
  5328 | Temple   | Became a worshipper of Makhleb the Destroyer
  5426 | D:5      | Found a sand-covered staircase.
  5440 | Ossuary  | Entered an ossuary
  6272 | D:5      | Reached skill level 6 in Unarmed Combat
  6495 | D:5      | Reached * piety under Makhleb
  6839 | D:5      | Found Tisogoak's Distillery.
  6842 | D:5      | Bought a potion of heal wounds for 55 gold pieces
  6842 | D:5      | Bought a potion of haste for 110 gold pieces
  6842 | D:5      | Bought 2 potions of curing for 66 gold pieces
  6972 | D:5      | Reached XP level 8. HP: 66/67 MP: 11/11
  7192 | D:6      | Noticed Grinder
  7264 | D:6      | Reached skill level 7 in Unarmed Combat
  7285 | D:5      | Reached skill level 5 in Fighting
  7391 | D:6      | Killed Grinder
  7496 | D:6      | Reached skill level 8 in Unarmed Combat
  7734 | D:6      | Killed from afar by an electric eel

Skill      XL: |  1  2  3  4  5  6  7  8 |
---------------+-------------------------+-----
Unarmed Combat | 1 2 3 4 5 6 8 |  8.2
Fighting       | 1 2 3 4 5 |  5.7
Armour         | 1 2 3 4 |  4.2
Dodging        | |  1.7
Stealth        | |  2.1
Spellcasting   | |  2.9
Conjurations   | |  0.7
Summonings     | |  0.8
Translocations | |  0.8

Action                   |  1- 3 |  4- 6 |  7- 9 || total
-------------------------+-------+-------+-------++-------
Melee: Unarmed           |   140 |   357 |   431 ||   928
       Punch             |     3 |     3 |     6 ||    12
 Fire: Hunting sling     |       |    10 |       ||    10
 Cast: Magic Dart        |    31 |    24 |     3 ||    58
       Repel Missiles    |     1 |     1 |     1 ||     3
Evoke: Wand              |       |       |     2 ||     2
  Use: Potion            |       |     2 |       ||     2
       Scroll            |       |       |     8 ||     8
 Stab: Sleeping          |     1 |     1 |       ||     2
  Eat: Chunk             |    12 |    34 |    30 ||    76
Armor: Robe              |     9 |       |       ||     9
       Ring mail         |    44 |   148 |   150 ||   342
Dodge: Dodged            |    76 |   164 |   200 ||   440
       Deflected         |     1 |       |     2 ||     3
